 Dungeon Crawl Stone Soup version 0.32-a0-791-gfc315c9ecd (webtiles) character file.

Game seed: 8458030926969685947

58925 Berder the Nimble (level 14, -2/104 HPs)
             Began as an Octopode Alchemist on Mar 20, 2024.
             Was a High Priest of Vehumet.
             Slain by a neqoxec (11 damage)
             ... summoned by an orc high priest
             ... on level 2 of the Orcish Mines on Mar 21, 2024.
             The game lasted 01:06:36 (23250 turns).

Berder the Nimble (Octopode Alchemist)             Turns: 23250, Time: 01:06:37

Health: -2/104     AC:  1    Str:  7    XL:     14   Next: 92%
Magic:  4/39       EV: 16    Int: 23    God:    Vehumet [*****.]
Gold:   1213       SH:  6    Dex: 12    Spells: 8/37 levels left

rFire   . . .        a - +6 trident (vamp)
rCold   . . .        Y - +2 buckler
rNeg    + . .        (helmet restricted)
rPois   +            L - amulet of the acrobat
rElec   .            q - ring of positive energy
rCorr   .            s - ring of magical power
SInv    +            N - ring of see invisible
Will    +....        V - ring of poison resistance
Stlth   +++          (no ring)
HPRegen 0.37/turn    (no ring)
MPRegen 0.26/turn    (no ring)
                     (no ring)

%: acrobat
@: slowed, very slow
A: almost no armour, amphibious, 8 rings, camouflage 1, gelatinous body 1,
(nimble swimmer 1), tentacles
a: Renounce Religion


You were on level 2 of the Orcish Mines.
You worshipped Vehumet.
Vehumet was extremely pleased with you.
You visited 4 branches of the dungeon, and saw 18 of its levels.

You collected 1325 gold pieces.
You spent 112 gold pieces at shops.

Inventory:

Hand Weapons
 a - a +6 vampiric trident (weapon)
 b - a +0 sling
 c - a +0 mace
 h - a +0 flail
 E - a +1 dagger of protection
 I - a +5 short sword
Missiles
 B - 15 curare-tipped darts
 H - a throwing net
Armour
 d - an orb of light
 Y - a +2 buckler (worn)
Magical Staves
 e - a staff of air
Jewellery
 q - a ring of positive energy (left tentacle)
 s - a ring of magical power (right tentacle)
 L - an amulet of the acrobat (around mantle)
 N - a ring of see invisible (on tentacle)
 O - a ring of ice
 T - an amulet of faith
 V - a ring of poison resistance (on tentacle)
Wands
 w - a wand of warping (17)
 y - a wand of light (12)
 G - a wand of polymorph (8)
 P - a wand of flame (19)
 R - a wand of charming (5)
 S - a wand of mindburst (7)
Scrolls
 f - 4 scrolls of noise
 g - 3 scrolls of enchant armour
 i - 2 scrolls of torment
 j - 3 scrolls of immolation
 o - 2 scrolls of butterflies
 p - 2 scrolls of fog
 r - 2 scrolls of fear {unknown}
 t - 2 scrolls of poison {unknown}
 x - 2 scrolls of teleportation
 A - a scroll of brand weapon
 J - a scroll of amnesia
 Q - 2 scrolls of enchant weapon {unknown}
 W - a scroll of identify
Potions
 k - a potion of cancellation
 l - 2 potions of brilliance {unknown}
 m - 2 potions of haste
 n - 4 potions of lignification
 u - 6 potions of curing
 v - 2 potions of magic
 z - a potion of mutation
 C - 2 potions of enlightenment {unknown}
 D - a potion of degeneration {unknown}
 F - 2 potions of might {unknown}
 K - a potion of resistance {unknown}
 M - a potion of ambrosia {unknown}
 X - 2 potions of invisibility {unknown}
Miscellaneous
 U - a sack of spiders


   Skills:
 - Level 12.6 Fighting
 - Level 12.7 Dodging
 - Level 2.6 Stealth
 - Level 3.0 Shields
 + Level 12.3 Spellcasting
 - Level 10.0 Conjurations
 - Level 6.0 Fire Magic
 - Level 3.0 Air Magic
 - Level 8.1 Alchemy


You had 8 spell levels left.
You knew the following spells:

 Your Spells              Type           Power      Damage    Failure   Level
a - Sting                 Conj/Alch      100%       1d9       1%          1
b - Olgreb's Toxic Radia  Alch           51%        N/A       1%          4
c - Iskenderun's Battles  Conj           56%        2d11      1%          5
d - Mercury Vapours       Alch/Air       78%        N/A       1%          2
e - Sticky Flame          Fire/Alch      46%        2d9       1%          4
f - Foxfire               Conj/Fire      100%       2x1d9     1%          1
g - Iskenderun's Mystic   Conj/Tloc      37%        2d9       2%          4
h - Flame Wave            Conj/Fire      50%        2d12      1%          4
i - Shock                 Conj/Air       100%       1d9       1%          1
j - Mephitic Cloud        Conj/Alch/Air  46%        N/A       1%          3

Your spell library contained the following spells:

 Spells                   Type           Power      Damage    Failure   Level
 Bombard                  Conj/Erth      18%        9d4       34%         6
 Static Discharge         Conj/Air       88%        3-7/arc   1%          2
 Inner Flame              Hex/Fire       27%        N/A       1%          3
 Swiftness                Air            27%        N/A       6%          3
 Airstrike                Air            13%        2d(2-18)  6%          4
 Lesser Beckoning         Tloc           28%        N/A       11%         2
 Gell's Gravitas          Tloc           14%        N/A       22%         3
 Teleport Other           Tloc           14%        N/A       22%         3
 Tukima's Dance           Hex            14%        N/A       22%         3
 Summon Lightning Spire   Summ/Air       21%        N/A       36%         4
 Lee's Rapid Deconstruct  Erth           7%         3d6*      45%         5
 Dimensional Bullseye     Hex/Tloc       7%         N/A       58%         4
 Animate Armour           Summ/Erth      Unusable   N/A       N/A         4

Dungeon Overview and Level Annotations

Branches:
Dungeon (10/15)            Temple (1/1) D:6            Lair (5/5) D:9
 Shoals (0/4) Lair:3       Spider (0/4) Lair:2        Slime (0/5) Lair:5
    Orc (2/2) D:10            Elf (0/3) Orc:2

Altars:
Ashenzari
Cheibriados
Dithmenos
Elyvilon
Fedhas
Gozag
Hepliaklqana
Kikubaaqudgha
Makhleb
Nemelex Xobeh
Okawaru
Qazlal
Ru
Sif Muna
Trog
Uskayaw
Vehumet
Wu Jian
Xom
Yredelemnul
Zin
The Shining One
Jiyva

Shops:
D:5 (:[*   Orc:2 *[

Annotations:
D:2 1 runed translucent door, Crazy Yiuf


Innate Abilities, Weirdness & Mutations

You cannot wear most types of armour.
You are amphibious.
You can wear up to eight rings at the same time.
Your skin changes colour to match your surroundings (Stealth+).
Your rubbery body absorbs attacks. (AC +1, EV +1)
((You are camouflaged when in or above water. (Stealth+)))
You have tentacles for arms and can constrict up to eight enemies at once.


Message History

* * * LOW HITPOINT WARNING * * *
The neqoxec gestures at you. Something gnaws on your mind!
* * * LOW HITPOINT WARNING * * *
You feel your power leaking away.
The orc high priest hits you with a +0 dire flail.
* * * LOW HITPOINT WARNING * * *
You block the orc high priest's attack.
You hear a shout!
Okay, then.
Unknown command.
Okay, then.
As you read the scroll of butterflies, it crumbles to dust.
You hear the flapping of tiny wings.
The neqoxec is knocked back by the sudden gust.
The ice devil is knocked back by the sudden gust.
The sun demon is knocked back by the sudden gust.
The orc high priest is knocked back by the sudden gust. x2
The ice devil is knocked back by the sudden gust.
The neqoxec is knocked back by the sudden gust.
The sun demon misses your butterfly.
An orc warrior comes into view. It is wielding a +0 halberd.
Something hits your butterfly!
Your butterfly dies!
Your butterfly disappears in a burst of colours!
The orc high priest hits your butterfly with a +0 hand axe!
Your butterfly dies!
Your butterfly disappears in a burst of colours!
The orc high priest hits your butterfly with a +0 hand axe.
Your butterfly dies!
Your butterfly disappears in a burst of colours!
The orc high priest hits your butterfly with a +0 hand axe.
Your butterfly dies!
Your butterfly disappears in a burst of colours!
The orc high priest closely misses your butterfly. x2
The orc high priest hits your butterfly with a +0 hand axe.
Your butterfly dies!
Your butterfly disappears in a burst of colours!
The neqoxec hits you!
You die...

#### ##.## #....###........
####..## #...# ##..............
.#.....###..## #.....P.........
.......##...## #...............
.#......##...# #.P.b..........
P....#.......# #..bb..........
...........b######.o...∩.ß......
............b.##3#..bb....P.....
.........#..b3bb@bb[43.....P....
.............bb#b..bbb..........
..∩......##b..##b)o.bb..........
............b..bo.b#......#.....
.......P...b...bb..b....#.#.....
..ß...P...#.....4..#...........
...................#...##.#..
...P........[.......#...####.
......##...........#...##


You could see 2 orc high priests, a sun demon (summoned, ally target), 2 ice
devils, 2 neqoxecs and an orc warrior.

Vanquished Creatures
  An orc warlord (Orc:2)
  Josephine (Orc:2)
  2 hydras
  4 catoblepae
  A two-headed ogre (D:9)
  9 death yaks
  Sonja (Lair:5)
  Amaemon (Lair:1)
  2 orc high priests (Orc:2)
  2 skysharks
  A lindwurm (Lair:4)
  An obsidian bat (Orc:1)
  3 orc sorcerers
  3 orc knights (Orc:2)
  2 manticores (Lair:5)
  10 elephants
  A merfolk siren (Lair:3)
  4 black mambas
  2 torpor snails (Lair:4)
  An orange demon (Lair:1)
  3 kobold blastminers (Orc:2)
  6 rime drakes
  15 cane toads
  4 komodo dragons
  An unseen horror (D:9)
  3 red devils (D:10)
  3 merfolk (Lair:3)
  3 trolls
  4 polar bears
  A hornet (D:9)
  14 blink frogs
  6 dream sheep (Lair:3)
  Sigmund (D:4)
  A jumping spider (Lair:2)
  3 wyverns
  2 slime creatures (Lair:5)
  A vampire (D:9)
  5 wraiths (Orc:2)
  52 yaks
  A basilisk (Lair:3)
  A warg (Orc:2)
  2 redbacks (Lair:2)
  4 steam dragons
  3 vampire mosquitoes
  An acid dragon (D:8)
  Duvessa (D:4)
  17 water moccasins
  22 orc warriors
  2 sky beasts
  A black bear (D:7)
  4 ice beasts
  3 wolves (D:9)
  2 centaurs
  9 ogres
  A phantom (D:6)
  5 kobold brigands
  A gnoll sergeant (D:9)
  9 bullfrogs
  8 wights
  Dowan (D:4)
  8 killer bees
  3 howler monkeys (D:9)
  2 bombardier beetles
  4 jellies
  6 hounds
  12 orc priests
  A gnoll bouda (D:7)
  Jessica (D:3)
  Natasha (D:4)
  2 iguanas
  14 orc wizards
  15 gnolls
  8 adders
  2 shadow imps
  2 white imps
  2 ribbon worms (D:3)
  4 dart slugs
  42 orcs
  8 endoplasms
  7 giant cockroaches
  11 goblins
  7 hobgoblins
  5 jackals
  4 quokkas
  A ball python (D:2)
  4 bats
  5 frilled lizards
  29 kobolds
  6 rats
  A spectral hobgoblin (D:6)
  2 foxfires (Orc:2)
497 creatures vanquished.

Vanquished Creatures (collateral kills)
  11 foxfires
11 creatures vanquished.

Vanquished Creatures (others)
  A bullfrog (Lair:4)
  1093 foxfires
1094 creatures vanquished.

Grand Total: 1602 creatures vanquished

Notes
Turn   | Place    | Note
-------+----------+-------------------------------------------
     0 | D:1      | Berder the Octopode Alchemist began the quest for the Orb.
     0 | D:1      | Reached XP level 1. HP: 11/11 MP: 3/3
   238 | D:1      | Reached XP level 2. HP: 17/17 MP: 3/5
   320 | D:1      | Learned a level 2 spell: Mercury Vapours
   777 | D:1      | Reached XP level 3. HP: 21/21 MP: 4/6
  1343 | D:2      | Learned a level 3 spell: Mephitic Cloud
  1399 | D:2      | Reached skill level 1 in Air Magic
  1399 | D:2      | Reached skill level 5 in Alchemy
  1399 | D:2      | Reached XP level 4. HP: 23/27 MP: 3/7
  1856 | D:2      | Noticed a phantom
  2063 | D:2      | Found a runed translucent door.
  2064 | D:2      | Noticed Crazy Yiuf
  2179 | D:2      | Found a faded altar of an unknown god.
  2343 | D:3      | Reached XP level 5. HP: 25/31 MP: 1/8
  2453 | D:3      | Noticed an ogre
  2468 | D:3      | Killed an ogre
  2850 | D:3      | Noticed Jessica
  2935 | D:3      | Found a white marble altar of Elyvilon.
  2957 | D:3      | Killed Jessica
  2958 | D:3      | Reached XP level 6. HP: 36/36 MP: 6/9
  3073 | D:3      | Found a snail-covered altar of Cheibriados.
  3331 | D:3      | You fall into a shaft and drop 1 floor!
  3361 | D:4      | Noticed Duvessa
  3362 | D:4      | Noticed Dowan
  3610 | D:4      | Noticed Sigmund
  3618 | D:4      | Killed Sigmund
  3619 | D:4      | Reached XP level 7. HP: 33/41 MP: 1/11
  3784 | D:4      | Killed Dowan
  3790 | D:4      | Killed Duvessa
  4073 | D:4      | Found a basalt altar of Yredelemnul.
  4107 | D:4      | Noticed Natasha
  4111 | D:4      | Killed Natasha
  4364 | D:4      | Learned a level 4 spell: Olgreb's Toxic Radiance
  4369 | D:4      | Learned a level 4 spell: Sticky Flame
  4370 | D:5      | Entered Level 5 of the Dungeon
  4493 | D:5      | Found Foliutov's Weapon Shoppe.
  4529 | D:5      | Reached skill level 1 in Fire Magic
  4658 | D:5      | Reached XP level 8. HP: 46/46 MP: 8/14
  4833 | D:5      | Found Suxuwosm's General Store.
  4844 | D:5      | Bought a scroll of identify for 28 gold pieces
  4859 | D:5      | Bought a scroll of teleportation for 42 gold pieces
  4974 | D:5      | Found Jeumao's Antique Armour Shop.
  4984 | D:5      | Found a blossoming altar of Fedhas.
  4985 | D:5      | Found a shadowy altar of Dithmenos.
  5099 | D:5      | Found Baoburu's Book Shop.
  5162 | D:5      | Found a sparkling altar of Nemelex Xobeh.
  5473 | D:6      | Found a hazy altar of Hepliaklqana.
  5748 | D:6      | Reached skill level 5 in Spellcasting
  6241 | D:6      | Found a staircase to the Ecumenical Temple.
  6353 | Temple   | Entered the Ecumenical Temple
  6362 | Temple   | Became a worshipper of Vehumet
  6907 | D:7      | Reached XP level 9. HP: 15/52 MP: 4/17
  7135 | D:7      | Reached skill level 1 in Fighting
  7897 | D:8      | Reached * piety under Vehumet
  7897 | D:8      | Offered knowledge of Foxfire by Vehumet.
  7905 | D:8      | Reached skill level 5 in Fire Magic
  8546 | D:8      | Reached XP level 10. HP: 47/63 MP: 0/20
  8738 | D:8      | Learned a level 1 spell: Foxfire
  8743 | D:8      | Learned a level 4 spell: Iskenderun's Mystic Blast
  9682 | D:9      | Reached ** piety under Vehumet
  9683 | D:9      | Reached skill level 5 in Dodging
  9687 | D:9      | Offered knowledge of Magic Dart by Vehumet.
  9818 | D:9      | Reached skill level 5 in Fighting
 10078 | D:9      | Noticed a two-headed ogre
 10094 | D:9      | Killed a two-headed ogre
 10095 | D:9      | Reached skill level 5 in Conjurations
 10597 | D:9      | Found a staircase to the Lair.
 10613 | D:9      | Killed an unseen horror
 10614 | D:9      | Reached XP level 11. HP: 65/74 MP: 10/21
 10728 | D:9      | Found a broken altar of Ashenzari.
 10730 | D:9      | Found a shimmering blue altar of Sif Muna.
 10738 | D:9      | Offered knowledge of Searing Ray by Vehumet.
 10812 | D:9      | Found an iron altar of Okawaru.
 11049 | D:10     | Entered Level 10 of the Dungeon
 11157 | D:10     | Reached *** piety under Vehumet
 11377 | D:10     | Found an ancient bone altar of Kikubaaqudgha.
 11426 | D:10     | Found a glowing golden altar of the Shining One.
 11516 | Lair:1   | Entered Level 1 of the Lair of Beasts
 12297 | Lair:1   | Noticed Amaemon
 12311 | Lair:1   | Killed Amaemon
 12311 | Lair:1   | Offered knowledge of Dazzling Flash by Vehumet.
 12525 | D:5      | Bought a scroll of teleportation for 42 gold pieces
 12821 | Lair:1   | Reached XP level 12. HP: 71/84 MP: 18/22
 13365 | Lair:2   | Found a hole to the Spider Nest.
 13396 | Lair:2   | Reached **** piety under Vehumet
 13722 | Lair:2   | Noticed an eight-headed hydra
 13730 | Lair:2   | Killed an eight-headed hydra
 14705 | Lair:3   | You fall into a shaft and drop 1 floor!
 15050 | Lair:3   | Found a staircase to the Shoals.
 15060 | Lair:3   | Reached skill level 10 in Dodging
 15271 | Lair:3   | Reached skill level 10 in Fighting
 15461 | Lair:3   | Offered knowledge of Flame Wave by Vehumet.
 15474 | Lair:3   | Learned a level 4 spell: Flame Wave
 15561 | Lair:3   | Reached XP level 13. HP: 92/92 MP: 25/25
 15614 | Lair:3   | Reached skill level 10 in Conjurations
 17699 | Lair:4   | Learned a level 1 spell: Shock
 17705 | Lair:5   | Entered Level 5 of the Lair of Beasts
 17958 | Lair:5   | Found a sparkling altar of Nemelex Xobeh.
 18045 | Lair:5   | Reached ***** piety under Vehumet
 18045 | Lair:5   | Offered knowledge of Spellforged Servitor by Vehumet.
 18826 | Lair:5   | Noticed Sonja
 18832 | Lair:5   | Killed Sonja
 19126 | Lair:5   | Reached XP level 14. HP: 97/102 MP: 10/27
 19336 | Lair:5   | Found a staircase to the Slime Pits.
 19355 | Lair:5   | Reached skill level 10 in Spellcasting
 19482 | Lair:5   | Found a viscous altar of Jiyva.
 20598 | Lair:5   | Identified the +4 morningstar of the Eleven Souls {drain,
                  | Str+4 Dex+3}
 21556 | D:10     | Found a staircase to the Orcish Mines.
 21564 | Orc:1    | Entered Level 1 of the Orcish Mines
 21573 | Orc:1    | Reached skill level 1 in Shields
 21586 | Orc:1    | Offered knowledge of Iskenderun's Battlesphere by Vehumet.
 21631 | Orc:1    | Learned a level 5 spell: Iskenderun's Battlesphere
 21857 | Orc:1    | Identified the +0 demon blade "Egasaece" {vamp, rElec Will-
                  | Str+4 Dex+5}
 22040 | Orc:2    | Entered Level 2 of the Orcish Mines
 22464 | Orc:2    | Found Binuof's Antique Armour Boutique.
 22474 | Orc:2    | Noticed an orc warlord
 22508 | Orc:2    | Killed an orc warlord
 23003 | Orc:2    | Found a staircase to the Elven Halls.
 23079 | Orc:2    | Found Koaqar's General Store.
 23227 | Orc:2    | Noticed Josephine
 23237 | Orc:2    | Killed Josephine
 23246 | Orc:2    | Offered knowledge of Bombard by Vehumet.
 23250 | Orc:2    | Slain by a neqoxec

Illustrated notes

Levels and vault maps discovered:
D:1:      mrwooster_arrival_arrow, layout_basic
D:2:      layout_basic, ebering_ecumenical_altar_abandoned, st_stairs_13,
          uniq_crazy_yiuf_cottage
D:3:      layout_loops_ring, cheibrodos_worm_habitat, lemuel_crystal_altar,
          minmay_misc_feat_cross, uniq_jessica
D:4:      layout_cave_pools, mainiacjoe_overflow_24_doors, uniq_duvessa,
          uniq_sigmund, uniq_natasha
D:5:      layout_rooms, kennysheep_mini_moat, nicolae_overflow_two_pavilions,
          serial_shops, nicolae_shop_bloodbath_and_beyond, shop,
          kennysheep_little_box, shop, nicolae_elevator_lobby_plus
D:6:      layout_loops_ring, nicolae_hepliaklqana_monster_ancestors,
          minmay_temple_entry_overgrown, st_stairs_1
D:7:      layout_rooms
D:8:      layout_cave_pods, mumra_transporter_accident, minmay_circle_x
D:9:      layout_loops_ring, gammafunk_temple_overflow_forgotten,
          hellmonk_lair_entry_icy, nicolae_titane
D:10:     layout_rooms, mainiacjoe_overflow_boulevard, amcnicky_altar_gilded,
          orc_0_dummy, einodemon_armed_red_devil_minivault
Temple:   nicolae_temple_bog_church
Lair:1:   layout_long_grid, grunt_forest_small_clearings, uniq_amaemon
Lair:2:   layout_regular_city, spider_nest_entry_a
Lair:3:   layout_cellular_growth, elwin_shoals_entry_stream
Lair:4:   layout_roguey
Lair:5:   evilmike_catoblepas_cave, layout_layer_cave,
          minmay_slime_entry_pillars, basic_altar,
          chequers_serial_rivers_micro_a, uniq_sonja
Orc:1:    layout_caves, dreamdust_deal_with_the_devil, trog_butcher_becter
Orc:2:    grunt_orc_gardens, layout_caves, grunt_orc_garden, grunt_orc_garden,
          grunt_orc_garden, grunt_orc_garden, gammafunk_ghost_necromancy,
          uniq_josephine

Skill      XL: |  1  2  3  4  5  6  7  8  9 10 11 12 13 14 |
---------------+-------------------------------------------+-----
Alchemy        | 4 5 6 8 |  8.1
Air Magic      | 1 2 3 |  3.0
Conjurations   | 2 3 6 8 9 10 | 10.0
Spellcasting   | 3 4 5 6 7 8 9 12 | 12.3
Fire Magic     | 1 4 5 6 |  6.0
Fighting       | 3 6 8 10 11 12 | 12.6
Dodging        | 4 6 8 10 11 12 | 12.7
Shields        | 3 |  3.0
Stealth        | |  2.6

Action                     |  1- 3 |  4- 6 |  7- 9 | 10-12 | 13-15 || total
---------------------------+-------+-------+-------+-------+-------++-------
  Melee: Mace              |     9 |     3 |       |       |       ||    12
         Tentacles         |     2 |     4 |    12 |     8 |    11 ||    37
         Unarmed           |     1 |       |       |       |       ||     1
         Constrict         |     2 |     6 |    10 |     5 |       ||    23
         Flail             |       |    17 |     3 |       |       ||    20
         Dagger            |       |       |    45 |       |       ||    45
         Short sword       |       |       |       |    10 |       ||    10
         Trident           |       |       |       |    17 |    36 ||    53
   Fire: Sling             |       |       |    10 |       |       ||    10
   Cast: Sting             |    47 |    89 |   161 |     8 |    22 ||   327
         Mephitic Cloud    |       |     2 |    10 |     8 |    33 ||    53
         Mercury Vapours   |       |     2 |       |       |     2 ||     4
         Olgreb's Toxic Ra |       |       |    21 |    37 |    85 ||   143
         Sticky Flame      |       |       |    13 |    22 |    15 ||    50
         Foxfire           |       |       |       |   342 |   289 ||   631
         Iskenderun's Myst |       |       |       |    26 |    61 ||    87
         Shock             |       |       |       |       |    99 ||    99
         Flame Wave        |       |       |       |       |    27 ||    27
         Iskenderun's Batt |       |       |       |       |     4 ||     4
  Evoke: Wand              |       |       |     2 |       |     3 ||     5
    Use: Scroll            |       |     2 |     6 |     4 |     6 ||    18
         Potion            |       |     1 |     3 |     2 |     1 ||     7
   Stab: Sleeping          |     1 |       |     2 |       |       ||     3
         Confused          |       |       |       |       |     1 ||     1
 Armour: Skin              |    12 |    24 |    81 |    71 |   102 ||   290
  Dodge: Dodged            |     7 |    18 |    87 |    64 |   138 ||   314
  Block: Buckler           |       |       |       |       |    27 ||    27

Table legend: (Time is in decaauts)
 A = Elapsed time spent in this place.
 B = Non-inter-level travel time spent in this place.
 C = Inter-level travel time spent in this place.
 D = Time resting spent in this place.
 E = Time spent auto-exploring this place.
 F = Levels seen in this place.
 G = Mean time per level.
                   A        B        C        D        E       F      G
               +--------+--------+--------+--------+--------+-----+--------+
         Total |  23336 |  22251 |   1085 |   7309 |   9895 |  18 | 1296.4 |
       Dungeon |  12495 |  11686 |    809 |   3535 |   5233 |  10 | 1249.5 |
        Temple |     18 |      2 |     16 |      0 |      0 |   1 |   18.0 |
          Lair |   9129 |   8879 |    250 |   3024 |   4161 |   5 | 1825.8 |
  Orcish Mines |   1693 |   1683 |     10 |    749 |    501 |   2 |  846.5 |
               +--------+--------+--------+--------+--------+-----+--------+

Top non-repeatable levels by time:
  Lair:5: 2345 daAuts
  Lair:3: 2051 daAuts
  Lair:4: 1996 daAuts
     D:6: 1626 daAuts
     D:7: 1585 daAuts
     D:9: 1558 daAuts
     D:8: 1430 daAuts
  Lair:1: 1416 daAuts
     D:1: 1322 daAuts
  Lair:2: 1319 daAuts
     D:3: 1215 daAuts
     D:5: 1014 daAuts
   Orc:1: 1009 daAuts
     D:4: 924 daAuts
     D:2: 923 daAuts
